 Dungeon Crawl Stone Soup version 0.31.0-9-g3a7656b989 (webtiles) character file.

Game seed: 7408368986213853273

329025 sanka the Slayer (level 21, -12/184 HPs)
             Began as a Minotaur Fighter on Jan 24, 2024.
             Was the Champion of the Shining One.
             Killed by divine providence
             ... invoked by a daeva
              (14 damage)
             ... in Pandemonium.
             The game lasted 01:55:32 (37563 turns).

sanka the Slayer (Minotaur Fighter)                Turns: 37563, Time: 01:55:33

Health: -12/184    AC: 31    Str: 23    XL:     21   Next: 14%
Magic:  28/28      EV: 22    Int:  5    God:    the Shining One [******]
Gold:   1404       SH: 24    Dex: 19    Spells: 20/20 levels left

rFire   + . .        a - +8 broad axe "Osuu" {speed, Will+}
rCold   . . .        p - +2 tower shield
rNeg    + + +        E - +1 gold dragon scales
rPois   +            S - +2 hat
rElec   .            M - +2 cloak
rCorr   +            Z - +2 pair of gloves
SInv    .            N - +1 pair of boots "Asufathan" {Rampage Will++ rCorr}
Will    ++++.        Y - amulet of regeneration Stlth
                     c - +5 ring of evasion
HPRegen 1.30/turn    g - +5 ring of evasion
MPRegen 0.21/turn

%: random rage (3%), rampage
@: on berserk cooldown, hasted and slowed, glowing, studying Necromancy
A: horns 2, retaliatory headbutt, berserk 1, deformed body, deterioration 2,
frail 1, low MP 1, cold vulnerability 1
}: 1/15 runes: abyssal
a: Renounce Religion, Divine Shield, Cleansing Flame, Summon Divine Warrior


You were in Pandemonium.
You worshipped the Shining One.
The Shining One was exalted by your worship.
You visited 4 branches of the dungeon, and saw 21 of its levels.
You visited Pandemonium 1 time, and saw 2 of its levels.
You visited the Abyss 2 times.
You also visited: Sewer and Gauntlet.

You collected 1548 gold pieces.
You spent 144 gold pieces at shops.


Innate Abilities, Weirdness & Mutations

You have a pair of horns on your head.
You reflexively headbutt those who attack you in melee.
You sometimes lose your temper in combat.
Armour fits poorly on your strangely shaped body.
Your body often deteriorates upon taking damage.
You are frail. (-10% HP)
Your magical capacity is low. (-10% MP)
You are vulnerable to cold. (rC-)


   Skills:
 + Level 21.5 Fighting
 - Level 16.5(18.0) Axes
 - Level 12.0(15.7) Maces & Flails
 + Level 21.5 Armour
 - Level 15.0 Dodging
 + Level 19.2 Shields
 - Level 15.0 Invocations


You had 20 spell levels left.
You didn't know any spells.
Your spell library contained the following spells:

 Spells                   Type           Power      Damage    Failure   Level
 Apportation              Tloc           0%         N/A       100%        1
 Magic Dart               Conj           0%         1d3       100%        1
 Necrotise                Necr           0%         1d4       100%        1
 Shock                    Conj/Air       0%         1d3       100%        1
 Sting                    Conj/Alch      0%         1d3       100%        1
 Summon Small Mammal      Summ           0%         N/A       100%        1
 Blink                    Tloc           0%         N/A       100%        2
 Call Imp                 Summ           0%         N/A       100%        2
 Static Discharge         Conj/Air       0%         3-3/arc   100%        2
 Gell's Gravitas          Tloc           0%         N/A       100%        3
 Hailstorm                Conj/Ice       0%         3d5       100%        3
 Inner Flame              Hex/Fire       0%         N/A       100%        3
 Summon Ice Beast         Ice/Summ       0%         N/A       100%        3
 Swiftness                Air            0%         N/A       100%        3
 Teleport Other           Tloc           0%         N/A       100%        3
 Tukima's Dance           Hex            0%         N/A       100%        3
 Volatile Blastmotes      Fire/Tloc      0%         2d10      100%        3
 Airstrike                Air            0%         2d(0-16)  100%        4
 Flame Wave               Conj/Fire      0%         2d4       100%        4
 Fulminant Prism          Conj/Alch      0%         3d5       100%        4
 Iskenderun's Mystic Bla  Conj/Tloc      0%         2d3       100%        4
 Leda's Liquefaction      Alch/Erth      0%         N/A       100%        4
 Passage of Golubria      Tloc           0%         N/A       100%        4
 Sticky Flame             Fire/Alch      0%         2d4       100%        4
 Summon Lightning Spire   Summ/Air       0%         N/A       100%        4
 Vhi's Electric Charge    Tloc/Air       0%         N/A       100%        4
 Arcjolt                  Conj/Air       0%         1d10      100%        5
 Lee's Rapid Deconstruct  Erth           0%         3d4*      100%        5
 Yara's Violent Unravell  Hex/Alch       0%         3d3       100%        5
 Bombard                  Conj/Erth      0%         9d1       100%        6
 Dispersal                Tloc           0%         N/A       100%        6
 Sculpt Simulacrum        Ice/Alch       0%         N/A       100%        6
 Ozocubu's Refrigeration  Ice            0%         4d7       100%        7
 Maxwell's Capacitive Co  Air            0%         ∞         100%        8
 Polar Vortex             Ice            0%         N/A       100%        9

Inventory:

Hand Weapons
 a - the +8 broad axe "Osuu" (weapon) {speed, Will+}

   Will+:     It increases your willpower.
 b - a +9 sacred scourge of holy wrath
Missiles
 K - 8 javelins (quivered)
 Q - a curare-tipped dart {=f}
Armour
 p - a +2 tower shield (worn)
 E - +1 gold dragon scales (worn)
 H - the +3 ring mail of Insecurity {rElec rN+ Regen+ Str-3}

   Str-3:     It affects your strength (-3).
   rElec:     It insulates you from electricity.
   rN+:       It protects you from negative energy.
   Regen+:    It increases your rate of health regeneration.
 M - a +2 cloak (worn)
 N - the +1 pair of boots "Asufathan" (worn) {Rampage Will++ rCorr}

   Will++:    It greatly increases your willpower.
   rCorr:     It protects you from acid and corrosion.
   Rampage:   It bestows one free step when moving towards enemies.
 S - a +2 hat (worn)
 X - a scarf of resistance
 Z - a +2 pair of gloves (worn)
Jewellery
 c - a +5 ring of evasion (left hand)
 g - a +5 ring of evasion (right hand)
 l - a ring of flight
 o - an amulet of faith
 u - the ring "Misutt" {rF+ rCorr Str+8 Dex-3 Slay+2}

   [ring of protection from fire]

   Str+8:     It affects your strength (+8).
   Dex-3:     It affects your dexterity (-3).
   Slay+2:    It affects your accuracy & damage with ranged weapons and melee
   (+2).
   rF+:       It protects you from fire.
   rCorr:     It protects you from acid and corrosion.
 y - the ring of Zigope {rF+ Dex+2}

   [ring of protection from fire]

   Dex+2:     It affects your dexterity (+2).
   rF+:       It protects you from fire.
 J - a ring of ice
 P - a ring of poison resistance
 W - a +4 ring of protection
 Y - an amulet of regeneration (around neck)
Wands
 f - a wand of quicksilver (1)
 s - a wand of polymorph (34)
 t - a wand of flame (19)
 F - a wand of paralysis (26)
 T - a wand of roots (23)
Scrolls
 e - 10 scrolls of teleportation {@r4}
 i - a scroll of butterflies
 k - 3 scrolls of identify {@r1}
 m - 6 scrolls of poison {!r}
 n - 2 scrolls of enchant weapon
 v - a scroll of blinking
 C - 3 scrolls of revelation
 D - 4 scrolls of vulnerability {!r}
 V - 3 scrolls of fog
Potions
 d - 4 potions of might
 h - 3 potions of attraction {!q}
 j - 2 potions of berserk rage {!q}
 q - 4 potions of lignification {!q}
 w - 9 potions of curing {@q1}
 A - 5 potions of haste {@q3}
 B - 2 potions of resistance
 G - 3 potions of cancellation
 I - 2 potions of magic
 O - 5 potions of enlightenment
Miscellaneous
 x - the horn of Geryon
 U - a phial of floods

Dungeon Overview and Level Annotations

Branches:
Dungeon (15/15)            Temple (1/1) D:4            Lair (0/5) D:8
    Orc (0/2) D:9          Vaults (0/5) D:14         Depths (4/4) D:15
   Hell (visited)             Dis (0/7) Hell            Geh (0/7) Hell
    Coc (0/7) Hell            Tar (0/7) Hell            Zot (0/5) Depths:4
  Sewer (visited)         Gauntlet (visited)

Altars:
Ashenzari
Cheibriados
Dithmenos
Elyvilon
Fedhas
Gozag
Hepliaklqana
Kikubaaqudgha
Makhleb
Nemelex Xobeh
Okawaru
Qazlal
Ru
Sif Muna
Trog
Uskayaw
Vehumet
Wu Jian
Xom
Yredelemnul
Zin
The Shining One
Lugonu

Shops:
D:7 ([(   D:11 ?

Portals:
Hell: Depths:1 Depths:2 Depths:3 Depths:4
Abyss: Depths:3
Pandemonium: Depths:1 Depths:2
Trove: Depths:3 (give 3 potions of resistance)

Annotations:
D:8 exclusion: downstairs
D:9 exclusion: downstairs
D:14 exclusion: downstairs
Depths:3 1 runed translucent door

▒ ▒▒▒▒▒▒▒▒▒▒▒
▒▒▒▒A ▒(...#HAAA▒
▒▒▒▒.....
▒▒▒▒▒▒▒▒YA▒
▒▒▒......^≈
▒▒A▒▒▒........≈≈
▒▒'▒▒...▒▒)..≈≈≈
▒▒[A)...▒▒▒..≈≈≈≈
▒.)...▒▒▒▒...≈≈≈≈
▒▒....▒▒ ▒..≈≈≈≈≈
▒▒....▒▒ ...≈≈≈≈≈
▒.)...▒ ....≈≈≈≈≈


You could see an apis and 5 daevas.


Message History

The daeva calls down the wrath of Zin upon you.
Zin smites you!
* * * LOW HITPOINT WARNING * * *
Unknown command.
A daeva comes into view.
It is wielding a +5 long sword of holy wrath.
The daeva calls down the wrath of the Shining One upon you.
The Shining One smites you!
* * * LOW HITPOINT WARNING * * *
The daeva calls down the wrath of Zin upon you.
Zin smites you!
* * * LOW HITPOINT WARNING * * *
The daeva hits you but does no damage. You block the daeva's attack.
Unknown command.
You feel yourself speed up.
The daeva calls down the wrath of the Shining One upon you.
The Shining One smites you!
* * * LOW HITPOINT WARNING * * *
The daeva calls down the wrath of Zin upon you.
Zin smites you!
* * * LOW HITPOINT WARNING * * *
Unknown command.
Unknown command.
Unknown command.
The daeva calls down the wrath of Zin upon you.
Zin smites you!
* * * LOW HITPOINT WARNING * * *
The daeva calls down the wrath of Zin upon you.
Zin smites you!
You die...

Action                     |  1- 3 |  4- 6 |  7- 9 | 10-12 | 13-15 | 16-18 | 19-21 || total
---------------------------+-------+-------+-------+-------+-------+-------+-------++-------
  Melee: Flail             |    68 |   152 |   252 |       |       |       |       ||   472
         Headbutt          |     8 |    20 |    75 |    92 |   261 |   473 |   522 ||  1451
         Morningstar       |       |       |    49 |    97 |     8 |       |       ||   154
         Broad axe         |       |       |       |   241 |   731 |  1322 |  1044 ||  3338
         Sacred scourge    |       |       |       |       |       |       |   408 ||   408
 Invoke: Divine Shield     |       |       |       |     3 |    16 |    30 |     8 ||    57
         Cleansing Flame   |       |       |       |       |       |     4 |     5 ||     9
         Brand Weapon With |       |       |       |       |       |       |     1 ||     1
  Evoke: Wand              |       |       |    10 |     1 |       |       |       ||    11
    Use: Scroll            |       |       |       |    13 |     4 |    15 |     3 ||    35
         Potion            |       |       |       |       |     1 |     9 |    10 ||    20
 Armour: Scale mail        |    17 |       |       |       |       |       |       ||    17
         Ring mail         |     8 |    55 |   126 |       |       |       |       ||   189
         Skin              |       |     2 |       |       |       |       |       ||     2
         Plate armour      |       |       |       |   201 |   387 |   242 |       ||   830
         Gold dragon scale |       |       |       |       |       |   470 |   464 ||   934
  Dodge: Dodged            |    49 |   120 |   145 |   128 |   282 |   468 |   393 ||  1585
  Block: Buckler           |    21 |    31 |    54 |    74 |   182 |       |       ||   362
         Kite shield       |       |       |       |       |   131 |   956 |   771 ||  1858
         Tower shield      |       |       |       |       |       |       |    74 ||    74

Levels and vault maps discovered:
D:1:      lemuel_arrival_behind_the_door_large, layout_rooms
D:2:      layout_rooms
D:3:      layout_basic, worldfamousw_hep_ancestral_shrine,
          nicolae_qazlal_eye_of_the_storm,
          hellmonk_ecumenical_altar_heavens_door, uniq_ijyb
D:4:      layout_loops_ring, amethyst_overflow_temple_binary,
          nicolae_ru_the_path_less_chosen, mainiacjoe_overflow_surrounded_room,
          led_sif_book, minmay_temple_entry_water_ring,
          mainiacjoe_sewer_entry_somewhere_in_here_2,
          nicolae_concentric_dashed_squares_wild
D:5:      layout_cave_pods, mainiacjoe_overflow_catwalk
D:6:      layout_cave_pools, zin_statuary, elyvilon_altar_4, st_stairs_6,
          grunt_ministairs_14, uniq_menkaure
D:7:      layout_loops_cross, nicolae_ashenzari_skybound,
          nicolae_shop_distant_corner_stores, grunt_ministairs_5,
          uniq_crazy_yiuf_cottage, uniq_joseph
D:8:      gammafunk_corrupted_shrine, layout_loops_corners,
          nicolae_dithmenos_shadow_blocks, grunt_lair_entry_orc_guard_hut
D:9:      layout_gridville, nicolae_vehumet_radiance, okawaru_trees_2,
          serial_ice, serial_ice_j, serial_ice_h, serial_ice_g, serial_ice_n,
          nrook_campfire
D:10:     minmay_shrinking_squares, layout_long_grid,
          lemuel_mausoleum_altar_yredelemnul
D:11:     layout_layer_cave, serial_shops, shop, uniq_gastronok
D:12:     layout_rooms, gauntlet_entry_generic, grunt_decor_junction
D:13:     layout_rooms, serial_co_window_serial, co_window_paths_b,
          co_window_of_opportunity_a, co_window_corner_a, co_window_paths_b,
          co_window_corner_a, co_window_broadway_c, co_window_cross_4,
          co_window_corner_b, glass_columns_b, glass_columns_a, glass_columns_c,
          uniq_snorg
D:14:     layout_basic, david_vaults_1, gammafunk_ghost_crypt,
          minmay_misc_feat_chi, corexii_corridor_pit
D:15:     hangedman_depths_entry_civil_slaughter, layout_stronghold,
          serial_bayou_pond_c, uniq_josephine
Temple:   nicolae_temple_little_seven
Depths:1: layout_cave_shapes, chequers_big_river,
          hellmonk_ghost_happy_afterlife, grunt_pan_entry_sceptre, hell_entry,
          chequers_jeans, onia_ninara_cookie
Depths:2: hangedman_arch_fort, layout_cave_pools, rand_demon_pan_entry_9,
          minmay_fountain_box, hell_entry, lightli_gold_pyramid,
          infiniplex_staircase_door_maze, serial_bayou_shore_b,
          serial_bayou_shore_b
Depths:3: minmay_expanding_squares, layout_twisted_cross, enter_ziggurat_f,
          hell_entry, nicolae_trove_entry_crossroad,
          abyss_entry_small_statue_room, good_gods_mini_temple,
          lemuel_angel_altar
Depths:4: evilmike_zot_entry_argh, layout_cave_pools, pf_coc_iceberg,
          chequers_serial_rivers_small_a
Hell
Pan:      nicolae_pan_door_chamber, layout_chambers, nicolae_pan_sigil_obb,
          reaverb_pan_figure_eight, evilmike_holy_pan

Notes
Turn   | Place    | Note
-------+----------+-------------------------------------------
     0 | D:1      | sanka the Minotaur Fighter began the quest for the Orb.
     0 | D:1      | Reached XP level 1. HP: 19/19 MP: 0/0
    67 | D:1      | Reached skill level 4 in Fighting
    85 | D:1      | Reached skill level 3 in Maces & Flails
    85 | D:1      | Reached XP level 2. HP: 27/27 MP: 1/1
   500 | D:2      | Noticed a black bear
   525 | D:2      | Reached skill level 4 in Maces & Flails
   525 | D:2      | Reached XP level 3. HP: 33/33 MP: 2/2
   930 | D:2      | Killed a black bear
   931 | D:2      | Reached skill level 6 in Maces & Flails
   931 | D:2      | Reached XP level 4. HP: 36/40 MP: 3/3
   931 | D:2      | Reached XP level 5. HP: 41/46 MP: 4/4
  1092 | D:3      | Found a faded altar of an unknown god.
  1271 | D:3      | Noticed Ijyb
  1284 | D:3      | Killed Ijyb
  1611 | D:3      | Found a hazy altar of Hepliaklqana.
  1686 | D:3      | Found a stormy altar of Qazlal.
  1910 | D:4      | Reached skill level 7 in Maces & Flails
  2046 | D:4      | Reached XP level 6. HP: 51/52 MP: 5/5
  2057 | D:4      | Found a hide-covered altar of Uskayaw.
  2057 | D:4      | Found a shimmering altar of Xom.
  2069 | D:4      | Reached skill level 8 in Maces & Flails
  2098 | D:4      | Found an ornate altar of the Wu Jian Council.
  2318 | D:4      | Found a shimmering blue altar of Sif Muna.
  2367 | D:4      | Found a glowing drain.
  2371 | Sewer    | Entered a sewer
  2609 | Sewer    | Reached skill level 9 in Maces & Flails
  2609 | Sewer    | Reached XP level 7. HP: 57/59 MP: 6/6
  2769 | Sewer    | Found an ancient bone altar of Kikubaaqudgha.
  2816 | Sewer    | Noticed Grinder
  2827 | Sewer    | Killed Grinder
  2828 | Sewer    | Reached skill level 10 in Maces & Flails
  3082 | D:4      | Found a staircase to the Ecumenical Temple.
  3104 | Temple   | Entered the Ecumenical Temple
  3112 | Temple   | Became a worshipper of the Shining One
  3259 | D:4      | Found a sacrificial altar of Ru.
  3515 | D:4      | Reached skill level 11 in Maces & Flails
  3550 | D:5      | Entered Level 5 of the Dungeon
  3584 | D:5      | Identified the +3 ring mail of Insecurity {rElec rN+ Regen+
                  | Str-3}
  3633 | D:5      | Reached XP level 8. HP: 66/66 MP: 7/7
  3844 | D:5      | Reached skill level 12 in Maces & Flails
  4024 | D:5      | Found a blossoming altar of Fedhas.
  4200 | D:5      | Identified the +3 ring mail of Upput {rPois Str+2}
  4290 | D:6      | Reached skill level 4 in Armour
  4290 | D:6      | Reached skill level 4 in Shields
  4326 | D:6      | Reached skill level 5 in Fighting
  4353 | D:6      | Reached skill level 5 in Armour
  4417 | D:6      | Reached skill level 6 in Fighting
  4593 | D:6      | Reached skill level 6 in Armour
  4658 | D:6      | Found a glowing silver altar of Zin.
  4683 | D:6      | Found a white marble altar of Elyvilon.
  4709 | D:6      | Noticed Menkaure
  4709 | D:6      | Reached * piety under the Shining One
  4724 | D:6      | Killed Menkaure
  4725 | D:6      | Reached XP level 9. HP: 34/78 MP: 8/8
  4858 | D:6      | Reached skill level 7 in Fighting
  5028 | D:7      | Found Tanitu's Armour Shop.
  5030 | D:7      | Found Ses Kihi's Antique Weapon Shop.
  5030 | D:7      | Found Isucvar's Antique Weapon Shop.
  5052 | D:7      | Reached skill level 7 in Armour
  5066 | D:7      | Noticed Joseph
  5115 | D:7      | Killed Joseph
  5116 | D:7      | Reached skill level 8 in Fighting
  5271 | D:7      | Identified the ring "Sukeq" {Fire rPois rN++ rCorr Int-2}
  5301 | D:7      | Found a broken altar of Ashenzari.
  5416 | D:7      | Reached skill level 8 in Armour
  5633 | D:7      | Found a runed translucent door.
  5634 | D:7      | Noticed Crazy Yiuf
  5837 | D:7      | Paralysed by Crazy Yiuf for 1 turns
  5839 | D:7      | Killed Crazy Yiuf
  6108 | D:8      | Reached skill level 9 in Fighting
  6110 | D:8      | Reached skill level 9 in Armour
  6140 | D:8      | Found a staircase to the Lair.
  6164 | D:8      | Noticed a purple ugly thing
  6166 | D:8      | Found a corrupted altar of Lugonu.
  6167 | D:8      | Reached ** piety under the Shining One
  6168 | D:8      | Noticed a green ugly thing
  6296 | D:8      | Reached XP level 10. HP: 83/92 MP: 9/9
  6555 | D:8      | Found a transporter.
  6556 | D:8      | Noticed a brown ugly thing
  6557 | D:8      | Found a transporter.
  6558 | D:8      | Noticed a red ugly thing
  6730 | D:8      | Found a shadowy altar of Dithmenos.
  7294 | D:9      | Reached skill level 10 in Fighting
  7351 | D:9      | Found a staircase to the Orcish Mines.
  7354 | D:9      | Found a radiant altar of Vehumet.
  7429 | D:9      | Reached skill level 10 in Armour
  7590 | D:9      | Reached *** piety under the Shining One
  7809 | D:9      | Noticed a two-headed ogre
  7821 | D:9      | Killed a two-headed ogre
  7822 | D:9      | Reached skill level 11 in Fighting
  7822 | D:9      | Reached skill level 11 in Armour
  7899 | D:9      | Identified the +8 broad axe "Osuu" {speed, Will+}
  7918 | D:9      | Reached skill level 1 in Invocations
  8073 | D:9      | Found an iron altar of Okawaru.
  8372 | D:10     | Entered Level 10 of the Dungeon
  8372 | D:10     | Noticed a two-headed ogre
  8376 | D:10     | Reached skill level 1 in Axes
  8377 | D:10     | Reached skill level 2 in Axes
  8379 | D:10     | Reached skill level 3 in Axes
  8382 | D:10     | Reached skill level 4 in Axes
  8385 | D:10     | Reached skill level 5 in Axes
  8387 | D:10     | Killed a two-headed ogre
  8388 | D:10     | Reached skill level 6 in Axes
  8400 | D:10     | Reached XP level 11. HP: 88/102 MP: 11/11
  8642 | D:10     | Noticed a green ugly thing
  8642 | D:10     | Noticed a tengu warrior
  8642 | D:10     | Noticed a purple ugly thing
  8642 | D:10     | Noticed a fire dragon
  8642 | D:10     | Noticed an orc knight
  8663 | D:10     | Killed a green ugly thing
  8664 | D:10     | Reached skill level 7 in Axes
  8677 | D:10     | Killed a tengu warrior
  8678 | D:10     | Reached skill level 8 in Axes
  8684 | D:10     | Killed a fire dragon
  8686 | D:10     | Reached skill level 9 in Axes
  8692 | D:10     | Killed an orc knight
  8695 | D:10     | Reached skill level 10 in Axes
  8695 | D:10     | Killed a purple ugly thing
  8725 | D:10     | Reached skill level 11 in Axes
  9026 | D:10     | Noticed a deep troll earth mage
  9026 | D:10     | Noticed a flayed ghost
  9034 | D:10     | Killed a deep troll earth mage
  9039 | D:10     | Killed a flayed ghost
  9042 | D:10     | Identified the staff of the Puffin {rC+ rN+ Ice}
  9048 | D:10     | Identified a +2 robe of resistance
  9130 | D:10     | Noticed a two-headed ogre
  9137 | D:10     | Killed a two-headed ogre
  9138 | D:10     | Reached skill level 12 in Axes
  9397 | D:10     | Found a basalt altar of Yredelemnul.
  9421 | D:10     | Reached skill level 13 in Axes
  9421 | D:10     | Reached **** piety under the Shining One
  9611 | D:11     | Noticed Gastronok
  9644 | D:11     | Killed Gastronok
  9645 | D:11     | Reached XP level 12. HP: 51/110 MP: 12/12
  9647 | D:11     | Reached skill level 14 in Axes
 10231 | D:11     | Found Gixom's Magic Scroll Shoppe.
 10233 | D:11     | Noticed a two-headed ogre
 10241 | D:11     | Killed a two-headed ogre
 10538 | D:11     | Noticed a two-headed ogre
 10545 | D:11     | Killed a two-headed ogre
 10987 | D:11     | Bought a scroll of identify for 24 gold pieces
 10987 | D:11     | Bought a scroll of teleportation for 36 gold pieces
 10987 | D:11     | Bought a scroll of noise for 12 gold pieces
 10995 | D:11     | Bought a scroll of identify for 24 gold pieces
 10995 | D:11     | Bought a scroll of identify for 24 gold pieces
 10995 | D:11     | Bought a scroll of identify for 24 gold pieces
 11028 | D:12     | Reached skill level 15 in Axes
 11031 | D:12     | Noticed a two-headed ogre
 11044 | D:12     | Killed a two-headed ogre
 11064 | D:12     | Noticed a two-headed ogre
 11072 | D:12     | Killed a two-headed ogre
 11073 | D:12     | Found a gate leading to a gauntlet.
 11086 | Gauntlet | Entered a Gauntlet
 11086 | Gauntlet | Noticed a tengu warrior
 11086 | Gauntlet | Found a transporter.
 11086 | Gauntlet | Found a transporter.
 11182 | Gauntlet | Found a transporter.
 11186 | Gauntlet | Found a transporter.
 11200 | Gauntlet | Found a transporter.
 11201 | Gauntlet | Found a transporter.
 11202 | Gauntlet | Found a large runed translucent door.
 11203 | Gauntlet | Found a large runed translucent door.
 11204 | Gauntlet | Found a large runed translucent door.
 11204 | Gauntlet | Found a large runed translucent door.
 11204 | Gauntlet | Found a runed translucent door.
 11204 | Gauntlet | Found a runed translucent door.
 11205 | Gauntlet | Found a large runed translucent door.
 11206 | Gauntlet | Found a large runed translucent door.
 11207 | Gauntlet | Found a large runed translucent door.
 11207 | Gauntlet | Found a large runed translucent door.
 11208 | Gauntlet | Found a runed translucent gate.
 11208 | Gauntlet | Found a runed translucent gate.
 11208 | Gauntlet | Found a runed translucent gate.
 11209 | Gauntlet | Noticed an entropy weaver
 11210 | Gauntlet | Found a transporter.
 11219 | Gauntlet | Found a large runed translucent door.
 11219 | Gauntlet | Found a large runed translucent door.
 11220 | Gauntlet | Found a large runed translucent door.
 11221 | Gauntlet | Found a large runed translucent door.
 11229 | Gauntlet | Noticed a hell hog
 11231 | Gauntlet | Found a transporter.
 11248 | Gauntlet | Found a transporter.
 11252 | Gauntlet | Found a transporter.
 11264 | Gauntlet | Found a transporter.
 11266 | Gauntlet | Found a transporter.
 11316 | Gauntlet | Found a large runed translucent door.
 11317 | Gauntlet | Found a large runed translucent door.
 11317 | Gauntlet | Noticed a tengu warrior
 11318 | Gauntlet | Found a large runed translucent door.
 11318 | Gauntlet | Found a large runed translucent door.
 11386 | Gauntlet | Noticed a merfolk aquamancer
 11389 | Gauntlet | Reached skill level 16 in Axes
 11417 | Gauntlet | Identified the +2 battleaxe of Heqabb {flame, Int+2}
 11431 | Gauntlet | Killed a tengu warrior
 11445 | Gauntlet | Identified the ring "Misutt" {rF+ rCorr Str+8 Dex-3 Slay+2}
 11470 | Gauntlet | Killed an entropy weaver
 11471 | Gauntlet | Reached skill level 2 in Invocations
 11478 | Gauntlet | Identified the +1 hat of Courage {rCorr SInv}
 11508 | Gauntlet | Noticed a minotaur
 11515 | Gauntlet | Killed a minotaur
 11516 | Gauntlet | Reached skill level 3 in Invocations
 11547 | Gauntlet | Identified the +5 lajatang of the Moth {spect, rCorr}
 11644 | D:12     | Reached skill level 4 in Invocations
 11644 | D:12     | Noticed a boulder beetle
 11661 | D:12     | Killed a boulder beetle
 11662 | D:12     | Reached skill level 5 in Invocations
 12094 | D:13     | Reached skill level 6 in Invocations
 12186 | D:13     | Noticed a boulder beetle
 12196 | D:13     | Killed a boulder beetle
 12249 | D:13     | Reached XP level 13. HP: 116/116 MP: 15/17
 12357 | D:13     | Reached skill level 7 in Invocations
 12392 | D:13     | Noticed Snorg
 12406 | D:13     | Killed Snorg
 12407 | D:13     | Reached skill level 8 in Invocations
 13422 | D:14     | Reached skill level 12 in Fighting
 13428 | D:14     | Reached skill level 12 in Armour
 13430 | D:14     | Reached ***** piety under the Shining One
 13467 | D:14     | Found a gate to the Vaults.
 13564 | D:14     | Reached skill level 13 in Fighting
 13933 | D:14     | Reached skill level 13 in Armour
 14318 | D:14     | Identified a +1 buckler of resistance
 14440 | D:14     | Identified the +4 robe "Xunag" {rPois rN+}
 14612 | D:14     | Found a runed translucent gate.
 14612 | D:14     | Found a runed translucent gate.
 14613 | D:14     | Found a runed translucent gate.
 14614 | D:14     | Found an ancient bone altar of Kikubaaqudgha.
 14615 | D:14     | Noticed a lich
 14615 | D:14     | Noticed a lich
 14615 | D:14     | Noticed a lich
 14615 | D:14     | Noticed a lich
 14615 | D:14     | Noticed Uummannaq's ghost (journeyman MiFi)
 14630 | D:14     | Reached XP level 14. HP: 130/130 MP: 19/19
 15100 | D:8      | Reached skill level 14 in Fighting
 15107 | D:8      | Reached skill level 14 in Armour
 15432 | D:15     | Entered Level 15 of the Dungeon
 15820 | D:15     | Found a staircase to the Depths.
 15820 | D:15     | Noticed a stone giant
 15837 | D:15     | Killed a stone giant
 16051 | D:15     | Reached skill level 15 in Fighting
 16052 | D:15     | Reached skill level 15 in Armour
 16054 | D:15     | Reached skill level 1 in Dodging
 16394 | D:15     | Noticed Josephine
 16400 | D:15     | Reached skill level 2 in Dodging
 16406 | D:15     | Killed Josephine
 16407 | D:15     | Reached skill level 5 in Shields
 16408 | D:15     | Reached ****** piety under the Shining One
 16411 | D:15     | Reached skill level 3 in Dodging
 16790 | Depths:1 | Entered Level 1 of the Depths
 16805 | Depths:1 | Found a gateway to Hell.
 16823 | Depths:1 | Reached skill level 6 in Shields
 16850 | Depths:1 | Noticed a stone giant
 16855 | D:15     | Reached skill level 4 in Dodging
 16859 | D:15     | Identified +0 ice dragon scales
 16860 | D:15     | Reached skill level 9 in Invocations
 16967 | D:15     | HP: 7/135 [deep troll (9)]
 17487 | D:15     | Reached skill level 5 in Dodging
 17489 | D:15     | Reached skill level 7 in Shields
 17530 | Depths:1 | Noticed a fire giant
 17535 | Depths:1 | Noticed a stone giant
 17538 | Depths:1 | Killed a stone giant
 17608 | Depths:1 | Killed a stone giant
 17620 | Depths:1 | Killed a fire giant
 17641 | D:15     | Reached XP level 15. HP: 79/141 MP: 21/21
 18108 | Depths:1 | Noticed a tengu reaver
 18312 | Depths:1 | Killed a tengu reaver
 18313 | Depths:1 | Reached skill level 6 in Dodging
 18353 | Depths:1 | Reached skill level 8 in Shields
 18361 | Depths:1 | Reached skill level 10 in Invocations
 18634 | Depths:1 | Noticed a tengu reaver
 18653 | Depths:1 | Killed a tengu reaver
 18937 | D:15     | Identified +0 ice dragon scales
 19040 | Depths:1 | Reached skill level 7 in Dodging
 19100 | Depths:1 | Reached skill level 9 in Shields
 19394 | Depths:1 | Reached skill level 8 in Dodging
 19424 | Depths:1 | Reached skill level 11 in Invocations
 19623 | Depths:1 | Reached skill level 10 in Shields
 19772 | Depths:1 | Found a runed translucent door.
 19772 | Depths:1 | Noticed Qiwept's ghost (veteran BaIE)
 20004 | Depths:1 | Noticed a frost giant
 20021 | Depths:1 | Killed a frost giant
 20022 | Depths:1 | Reached skill level 9 in Dodging
 20269 | Depths:1 | Found a one-way gate leading to the halls of Pandemonium.
 20636 | Depths:2 | Noticed a walking earthen tome
 20636 | Depths:2 | Noticed a fire giant
 20657 | Depths:2 | Killed a fire giant
 20686 | Depths:2 | Noticed a sphinx
 20692 | Depths:2 | Killed a sphinx
 20742 | Depths:2 | Noticed a frost giant
 20757 | Depths:2 | Killed a frost giant
 20758 | Depths:2 | Reached skill level 11 in Shields
 21373 | Depths:1 | Killed a walking earthen tome
 21374 | Depths:1 | Reached XP level 16. HP: 111/149 MP: 20/23
 21820 | Depths:1 | Found a one-way gate leading to the halls of Pandemonium.
 21969 | Depths:2 | Identified a scarf of resistance
 22084 | Depths:2 | Noticed a lich
 22104 | Depths:2 | Reached skill level 12 in Invocations
 22112 | Depths:2 | Noticed a tentacled monstrosity
 22113 | Depths:2 | Reached skill level 10 in Dodging
 22128 | Depths:2 | Identified +0 fire dragon scales
 22136 | Depths:2 | Killed a tentacled monstrosity
 22742 | Depths:2 | Reached skill level 12 in Shields
 22995 | Depths:2 | Found a runed translucent door.
 23001 | Depths:2 | Noticed a sphinx
 23002 | Depths:2 | Noticed a sphinx
 23003 | Depths:2 | Noticed a golden dragon
 23302 | Depths:2 | Noticed a titan
 23303 | Depths:2 | Noticed a tengu reaver
 23574 | Depths:2 | Killed a golden dragon
 23575 | Depths:2 | Reached skill level 11 in Dodging
 23584 | Depths:2 | Killed a tengu reaver
 23703 | Depths:2 | Killed a sphinx
 23781 | Depths:2 | Killed a sphinx
 23782 | Depths:2 | Reached skill level 13 in Shields
 23806 | Depths:2 | Identified +0 ice dragon scales
 23817 | Depths:2 | Killed a titan
 24373 | D:14     | Killed a lich
 24401 | D:14     | Killed a lich
 24402 | D:14     | Reached skill level 12 in Dodging
 24409 | D:14     | Killed a lich
 24424 | D:15     | Killed a lich
 24463 | D:14     | HP: 6/149 [Uummannaq's ghost (33)]
 24464 | D:14     | Killed Uummannaq's ghost
 24788 | D:14     | Identified the ring of Zigope {rF+ Dex+2}
 24792 | D:14     | Identified the +1 pair of boots "Asufathan" {Rampage Will++
                  | rCorr}
 25088 | Depths:3 | Reached skill level 14 in Shields
 25093 | Depths:3 | Found a one-way gateway to a ziggurat.
 25128 | Depths:3 | Noticed a quicksilver dragon
 25175 | Depths:2 | Killed a quicksilver dragon
 25175 | Depths:2 | Identified quicksilver dragon scales
 25643 | Depths:2 | Reached skill level 13 in Dodging
 25740 | Depths:2 | Reached XP level 17. HP: 110/156 MP: 22/25
 25926 | Depths:3 | Found a portal to a secret trove of treasure.
 25973 | Depths:3 | Reached skill level 15 in Shields
 26156 | Depths:3 | Noticed a juggernaut
 26176 | Depths:3 | Killed a juggernaut
 26195 | Depths:3 | Reached skill level 14 in Dodging
 26428 | Depths:3 | Noticed a sphinx
 26529 | Depths:3 | Killed a sphinx
 26634 | Depths:3 | Reached skill level 15 in Dodging
 26832 | Depths:3 | Noticed a tentacled monstrosity
 26850 | Depths:3 | Killed a tentacled monstrosity
 26878 | Depths:3 | Noticed a golden dragon
 26892 | Depths:3 | Killed a golden dragon
 26892 | Depths:3 | Identified +0 gold dragon scales
 26910 | Depths:3 | Noticed a walking frostbound tome
 26995 | Depths:3 | Killed a walking frostbound tome
 27081 | Depths:3 | Noticed a titan
 27095 | Depths:3 | Killed a titan
 27185 | Depths:3 | Identified 2 potions of resistance
 27186 | Depths:3 | Found a runed translucent door.
 27187 | Depths:3 | Found a glowing golden altar of the Shining One.
 27263 | Depths:3 | Noticed a tentacled monstrosity
 27277 | Depths:3 | Killed a tentacled monstrosity
 27288 | Depths:3 | Noticed a walking earthen tome
 27311 | Depths:3 | Killed a walking earthen tome
 27329 | Depths:3 | Identified +0 shadow dragon scales
 27477 | Depths:3 | Found a one-way gate to the infinite horrors of the Abyss.
 27505 | Depths:3 | Found a glowing golden altar of the Shining One.
 27508 | Depths:3 | Found a glowing silver altar of Zin.
 27509 | Depths:3 | Found a white marble altar of Elyvilon.
 27570 | Depths:3 | Noticed a lich
 27571 | Depths:3 | Gained mutation: Armour fits poorly on your strangely
                  | shaped body. [a shining eye]
 27599 | Depths:3 | Killed a lich
 27662 | Depths:4 | Entered Level 4 of the Depths
 27678 | Depths:4 | Noticed a caustic shrike
 27963 | Depths:3 | Reached skill level 16 in Fighting
 27968 | Depths:3 | Reached skill level 16 in Armour
 28091 | Depths:3 | Reached skill level 13 in Invocations
 28475 | Depths:4 | Reached XP level 18. HP: 49/166 MP: 26/26
 28761 | Depths:4 | Identified +0 fire dragon scales
 28842 | Depths:4 | Noticed a caustic shrike
 28843 | Depths:4 | Noticed a caustic shrike
 28843 | Depths:4 | Noticed a caustic shrike
 28856 | Depths:4 | Killed a caustic shrike
 28862 | Depths:4 | Killed a caustic shrike
 29188 | Depths:3 | Killed a caustic shrike
 29193 | Depths:3 | Killed a caustic shrike
 29867 | Depths:4 | Found a gate to the Realm of Zot.
 29889 | Depths:4 | Noticed a caustic shrike
 29890 | Depths:4 | Noticed a caustic shrike
 29890 | Depths:4 | Noticed a caustic shrike
 30047 | Depths:3 | Killed a caustic shrike
 30048 | Depths:3 | Reached skill level 17 in Fighting
 30073 | Depths:4 | Noticed a caustic shrike
 30079 | Depths:3 | Killed a caustic shrike
 30080 | Depths:3 | Reached skill level 17 in Armour
 30087 | Depths:3 | Killed a caustic shrike
 30252 | Depths:4 | Killed a caustic shrike
 30383 | Depths:4 | Reached skill level 14 in Invocations
 30425 | Depths:4 | Noticed a caustic shrike
 30438 | Depths:4 | Killed a caustic shrike
 30864 | Depths:1 | Killed Qiwept's ghost
 31368 | Hell     | Entered the Vestibule of Hell
 31368 | Hell     | Noticed Geryon
 31387 | Hell     | Noticed Murray
 31405 | Hell     | HP: 12/170 [reaper/+3 scythe of pain (16)]
 32260 | Hell     | Reached skill level 18 in Fighting
 32262 | Hell     | Reached skill level 18 in Armour
 32280 | Depths:3 | Killed Murray
 32328 | Depths:3 | Reached XP level 19. HP: 146/179 MP: 29/29
 32672 | Depths:3 | Identified a +7 sacred scourge of holy wrath (a +5 demon
                  | whip of draining blessed by the Shining One)
 32672 | Depths:3 | Received a gift from the Shining One
 32688 | Hell     | Gained mutation: Your body sometimes deteriorates upon
                  | taking damage. [a cacodemon]
 32696 | Hell     | Reached skill level 15 in Invocations
 32766 | Hell     | Killed Geryon
 32805 | Hell     | Found a gateway to the decaying netherworld of Tartarus.
 33027 | Hell     | Found a gateway to the ashen valley of Gehenna.
 33068 | Hell     | Found a gateway to the Iron City of Dis.
 33096 | Hell     | Paralysed by a wendigo for 1 turns
 33103 | Hell     | Paralysed by a wendigo for 1 turns
 33121 | Hell     | Paralysed by a wendigo for 1 turns
 33136 | Hell     | Paralysed by a wendigo for 1 turns
 33138 | Hell     | Found a gateway to the freezing wastes of Cocytus.
 33333 | Depths:3 | Voluntarily entered the Abyss.
 33351 | Abyss:1  | Found a corrupted altar of Lugonu.
 33366 | Abyss:1  | Found a corrupted altar of Lugonu.
 33366 | Abyss:1  | Found a corrupted altar of Lugonu.
 33605 | Abyss:2  | Found a corrupted altar of Lugonu.
 33624 | Abyss:2  | Found a corrupted altar of Lugonu.
 33806 | Abyss:3  | Gained mutation: Your body often deteriorates upon taking
                  | damage. [a neqoxec]
 33951 | Abyss:3  | Reached skill level 16 in Shields
 33955 | Abyss:3  | Gained mutation: Your magical capacity is low. (-10% MP) [a
                  | neqoxec]
 33972 | Abyss:3  | Noticed a bone dragon
 34004 | Abyss:3  | Killed a bone dragon
 34005 | Abyss:3  | Reached skill level 19 in Fighting
 34026 | Abyss:3  | Reached skill level 19 in Armour
 34049 | Depths:3 | Escaped the Abyss
 34230 | Depths:3 | Voluntarily entered the Abyss.
 34496 | Abyss:3  | Noticed a bone dragon
 34524 | Abyss:3  | Killed a bone dragon
 34623 | Abyss:3  | Gained mutation: You sometimes lose your temper in combat.
                  | [a neqoxec]
 34668 | Abyss:3  | Gained mutation: You are vulnerable to cold. (rC-) [a
                  | neqoxec]
 34673 | Abyss:3  | Gained mutation: You are frail. (-10% HP) [a neqoxec]
 34793 | Abyss:3  | Noticed a profane servitor
 34822 | Abyss:3  | Killed a profane servitor
 35032 | Abyss:3  | Reached skill level 17 in Shields
 35158 | Abyss:3  | Reached XP level 20. HP: 173/173 MP: 20/20
 35196 | Abyss:3  | Noticed a bone dragon
 35210 | Abyss:3  | Killed a bone dragon
 35385 | Abyss:3  | Found a corrupted altar of Lugonu.
 35395 | Abyss:3  | Reached skill level 20 in Fighting
 35456 | Abyss:3  | Reached skill level 20 in Armour
 35679 | Abyss:4  | Found a corrupted altar of Lugonu.
 35798 | Abyss:4  | Noticed a bone dragon
 35816 | Abyss:4  | Killed a bone dragon
 35916 | Abyss:4  | Reached skill level 18 in Shields
 36063 | Abyss:4  | Noticed a bone dragon
 36078 | Abyss:4  | Killed a bone dragon
 36172 | Abyss:4  | Noticed a bone dragon
 36182 | Abyss:4  | Killed a bone dragon
 36372 | Abyss:4  | HP: 14/175 [white draconian stormcaller/blast of cold (21)]
 36374 | Abyss:4  | Noticed a pearl dragon
 36380 | Abyss:4  | Got an abyssal rune of Zot
 36392 | Abyss:4  | Killed a pearl dragon
 36393 | Abyss:4  | Reached skill level 21 in Fighting
 36400 | Depths:3 | Escaped the Abyss
 36569 | Pan      | Entered Pandemonium
 36699 | Pan      | Reached skill level 21 in Armour
 36973 | Pan      | Found an exit through the horrors of the Abyss.
 37005 | Pan      | Noticed Habeaqya the pandemonium lord
 37021 | Pan      | Killed Habeaqya the pandemonium lord
 37111 | Pan      | Reached XP level 21. HP: 149/183 MP: 28/28
 37191 | Pan      | Reached skill level 19 in Shields
 37562 | Pan      | HP: 15/184 [daeva/divine providence (13)]
 37562 | Pan      | HP: 4/184 [daeva/divine providence (11)]
 37563 | Pan      | Killed from afar by a daeva

Vanquished Creatures
  A juggernaut (Depths:3)
  The ghost of Qiwept the Fencer, a veteran BaIE of Cheibriados (Depths:1)
  A pandemonium lord (Pan)
  Geryon (Hell)
  2 golden dragons
  9 caustic shrikes
  A profane servitor (Abyss:3)
  6 bone dragons
  A pearl dragon (Abyss:4)
  A hellephant (Abyss:4)
  3 tentacled monstrosities
  A tainted leviathan (Hell)
  2 walking earthen tomes
  A Hell Sentinel (Pan)
  5 liches
  A walking frostbound tome (Depths:3)
  2 titans
  6 searing wretches
  A quicksilver dragon (Depths:2)
  14 tentacled starspawn
  5 sphinxes
  Murray (Depths:3)
  4 shadow dragons
  Gastronok (D:11)
  A revenant (Abyss:3)
  3 tengu reavers
  2 storm dragons
  2 daevas (Pan)
  5 frost giants
  4 fire giants
  5 iron dragons
  2 draconian shifters
  2 caustic shrike zombies
  3 balrugs
  3 cacodemons
  A ghost moth (Abyss:4)
  A juggernaut zombie (Depths:1)
  The ghost of Uummannaq the Severer, a journeyman MiFi of Gozag (D:14)
  A spriggan defender (Depths:3)
  4 angels (Pan)
  A caustic shrike skeleton (Hell)
  9 stone giants
  5 draconian stormcallers
  5 reapers
  2 putrid mouths (Hell)
  27 very ugly things
  5 apis (Pan)
  2 black draconians (Depths:4)
  4 vampire knights
  A wendigo (Hell)
  A green draconian (Depths:4)
  6 ophanim
  6 lorocyprocas
  A minotaur (Gauntlet)
  2 war gargoyles (Depths:3)
  A purple draconian (Depths:4)
  A dire elephant (Abyss:4)
  8 spark wasps
  A crystal guardian (Abyss:4)
  2 merfolk javelineers (Depths:2)
  8 ettins
  Snorg (D:13)
  4 green deaths
  Josephine (D:15)
  5 blizzard demons
  A merfolk impaler (Depths:1)
  An entropy weaver (Gauntlet)
  A spriggan zombie (Hell)
  8 fire dragons
  2 jiangshi
  9 ice dragons
  2 hydras
  7 spriggan air magi
  A juggernaut simulacrum (Hell)
  3 rakshasas
  3 boulder beetles
  A stoker (Depths:3)
  A death knight (D:14)
  2 ogre magi (D:15)
  5 centaur warriors
  A caustic shrike simulacrum (Hell)
  16 two-headed ogres
  3 naga warriors (Abyss:3)
  2 satyrs (Abyss:4)
  7 tengu warriors
  2 dancing weapons
  7 deep troll earth magi
  9 deep troll shamans
  4 demonic crawlers
  7 hell hogs
  7 spriggan berserkers
  A vampire mage (Depths:1)
  3 spriggans
  7 thrashing horrors
  18 hell knights
  4 soul eaters
  14 sun demons
  3 iron trolls
  4 sixfirhies
  A storm dragon zombie (Hell)
  3 skeletal warriors (D:15)
  11 wretched stars
  14 deep trolls
  2 spatial maelstroms
  A salamander mystic (Depths:3)
  A deep troll (shapeshifter) (Depths:2)
  3 cherubim (Pan)
  3 arcanists
  5 glowing orange brains
  A shadow demon (Abyss:3)
  2 flayed ghosts
  A spriggan simulacrum (Hell)
  2 harpies (shapeshifter)
  2 orc knights
  A deep elf pyromancer (D:14)
  A shadow dragon zombie (Hell)
  2 phantasmal warriors
  8 necromancers
  4 salamanders
  A faun (shapeshifter) (Depths:2)
  23 ugly things
  16 large abominations
  A mana viper (shapeshifter) (Depths:3)
  5 cyclopes
  An elephant (Abyss:4)
  4 manticores
  4 worldbinders
  4 centaur zombies (D:10)
  11 rust devils
  3 meliai (D:14)
  An iron dragon skeleton (Abyss:3)
  Joseph (D:7)
  A black mamba (shapeshifter) (D:13)
  A frost giant skeleton (Depths:1)
  2 apocalypse crabs
  A guardian serpent (Abyss:3)
  A torpor snail (shapeshifter) (Depths:2)
  13 smoke demons
  3 gargoyles
  A storm dragon simulacrum (Hell)
  6 orange demons
  A centaur skeleton (Abyss:3)
  A hellion (Abyss:3)
  2 freezing wraiths (D:14)
  A yaktaur (D:15)
  An unseen horror (Abyss:4)
  2 tormentors
  An unseen horror zombie (D:10)
  An efreet (D:14)
  An anaconda simulacrum (Hell)
  A harpy zombie (Abyss:3)
  2 ice devils
  3 tengu conjurers
  2 red devils
  3 hornets
  10 ancient zymes
  2 trolls (D:14)
  5 hellwings
  3 polar bears
  37 raiju
  14 blink frogs
  Grinder (Sewer)
  A dream sheep (shapeshifter) (Depths:2)
  3 glass eyes
  2 stone giant simulacra (Hell)
  13 slime creatures
  4 shadows
  2 ettin skeletons
  2 wyverns
  2 spriggan skeletons
  A dire elephant simulacrum (Hell)
  9 wraiths
  A fire bat (Abyss:3)
  A vampire (Abyss:3)
  5 ynoxinuls
  7 water elementals
  10 yaks
  A basilisk (shapeshifter) (Depths:3)
  10 vampire mosquitoes
  11 golden eyes (Abyss:3)
  9 neqoxecs
  Menkaure (D:6)
  A redback (Gauntlet)
  A basilisk (D:15)
  5 chaos spawn (Abyss:3)
  3 harpy simulacra (Hell)
  9 spatial vortices
  4 hell hounds (Hell)
  2 water moccasins (D:8)
  6 black bears
  An ice beast (D:9)
  An orc warrior (D:9)
  A naga skeleton (Hell)
  A black mamba simulacrum (Hell)
  A sky beast (D:6)
  13 laughing skulls
  18 small abominations
  10 ogres
  3 boggarts (Gauntlet)
  10 centaurs
  A phantom (D:5)
  5 kobold brigands
  6 weeping skulls
  A brain worm (Abyss:3)
  6 bullfrogs
  An earth elemental (Abyss:3)
  A gnoll sergeant (D:11)
  3 scorpions
  3 necrophages
  12 wights
  4 killer bees (D:10)
  An electric eel (D:9)
  3 hounds
  A quasit (Abyss:3)
  A human zombie (D:10)
  A bombardier beetle (D:4)
  Crazy Yiuf (D:7)
  4 orc priests
  32 starcursed masses
  2 jellies
  2 sleepcaps (D:8)
  Ijyb (D:3)
  5 hell rats
  5 iguanas
  15 orc wizards
  2 centaur simulacra
  4 mummies (D:10)
  8 gnolls
  5 adders
  4 shadow imps
  8 white imps
  A howler monkey simulacrum (D:9)
  11 ufetubi
  7 ribbon worms
  A dart slug (D:5)
  38 orcs
  10 ball pythons
  A bat zombie (Sewer)
  10 endoplasms
  8 giant cockroaches
  5 goblins
  7 hobgoblins
  37 kobolds
  2 quokkas (D:3)
  7 bats
  6 frilled lizards
  7 rats
  3 lurking horrors
  11 starspawn tentacles
1157 creatures vanquished.

Vanquished Creatures (others)
  A thorn hunter (Abyss:4)
  A rust devil (Hell)
  A stone giant simulacrum (Hell)
  2 raiju
  A ynoxinul (Abyss:3)
  3 lurking horrors (Abyss:4)
  21 starspawn tentacles
30 creatures vanquished.

Grand Total: 1187 creatures vanquished
